AoeStats
← Joaking

Four Lakes

508016264Analyzed
1v1 RM · 11d ago on Sep 20, 2026· 58m 21s· 2 players
Game mode
Random Map
Map size
Tiny (2 player)
Population
200
Speed
Normal
Resources
Standard
Victory
Conquest
Starting age
Dark Age
Ending age
Imperial Age
RankedLock teamsTeams togetherTeam positionsShared explorationLock speedFull tech treeHidden civsTurbo modeCheats
Victory
Defeat
🇨🇱 Saracens · Chile
1084
+18
🇨🇿 Britons · Czechia
1118
-18
jmeno
10:42 Feudal Age
14:52 Castle Age
13:36 Double-Bit Axe
14:31 Loom
15:10 Crossbowman
17:39 Fletching
21:01 Wheelbarrow
22:48 Ballistics
24:38 Bodkin Arrow
24:45 Padded Archer Armor
31:54 Imperial Age
31:49 Leather Archer Armor
31:29 Fishing Lines
31:35 Fishing Lines
32:06 Arbalester
33:40 Hand Cart
33:33 Bracer
34:24 Conscription
34:51 Conscription
34:37 Town Watch
36:29 Chemistry
36:22 Bow Saw
36:16 Town Patrol
36:48 Light Cavalry
37:43 Gold Mining
38:59 Two-Man Saw
37:51 Horse Collar
39:17 Yeomen
39:23 Yeomen
40:05 Scale Barding Armor
40:31 Ring Archer Armor
41:57 Elite Longbowman
47:20 Chain Barding Armor
47:11 Forging
48:07 Elite Skirmisher
50:04 Plate Barding Armor
50:05 Iron Casting
50:34 Husbandry
55:00 Pikeman
56:17 Halberdier
Joaking
10:42 Loom
12:28 Feudal Age
14:00 Fishing Lines
14:17 Double-Bit Axe
18:58 Castle Age
17:37 Bloodlines
25:01 Elite Skirmisher
26:17 Fletching
27:32 Padded Archer Armor
35:22 Imperial Age
34:56 Bodkin Arrow
35:17 Leather Archer Armor
35:09 Scale Barding Armor
35:34 Bow Saw
35:07 Horse Collar
35:08 Light Cavalry
35:50 Husbandry
36:08 Thumb Ring
36:00 Hussar
37:31 Scale Barding Armor
40:34 Chain Barding Armor
41:57 Conscription
42:09 Bracer
44:02 Elite Mameluke
46:14 Plate Barding Armor
46:10 Ring Archer Armor
Connection lost

Rejoining the realm…

Still unreachable

The connection could not be restored.

Session expired

The server has moved on; the page needs a fresh start.